 Dungeon Crawl Stone Soup version 0.25.1-1-g288607f (webtiles) character file.

Game seed: 2639202571501795569

165 RonnieColeman the Conjurer (level 5, -7/32 HPs)
             Began as an Octopode Conjurer on Sept 14, 2020.
             Killed by divine providence
             ... invoked by an orc priest
              (13 damage)
             ... on level 4 of the Dungeon.
             The game lasted 00:04:34 (2850 turns).

RonnieColeman the Conjurer (Octopode Conjurer)      Turns: 2850, Time: 00:04:35

Health: -7/32      AC:  5    Str:  7    XL:     5   Next: 46%
Magic:  9/11       EV: 13    Int: 19    God:
Gold:   120        SH:  0    Dex: 12    Spells: 9/12 levels left

rFire    . . .     SeeInvis .   a - +2 spear (venom)
rCold    . . .     Gourm    .   (no shield)
rNeg     . . .     Faith    .   (helmet restricted)
rPois    .         Spirit   .   (no amulet)
rElec    .         Reflect  .   c - +4 ring of protection
rCorr    .         Harm     .   (no ring)
MR       .....                  (no ring)
Stlth    +++.......             (no ring)
HPRegen  0.10/turn              (no ring)
MPRegen  0.12/turn              (no ring)
                                (no ring)
                                (no ring)

@: no status effects
A: almost no armour, stealthy swim, amphibious, 8 rings, constrict 8, camouflage
1, gelatinous body 1
a: no special abilities


You were on level 4 of the Dungeon.
You were not hungry.

You visited 1 branch of the dungeon, and saw 4 of its levels.

You collected 120 gold pieces.

Inventory:

Hand Weapons
 a - a +2 spear of venom (weapon)
 m - a +0 mace of protection
Jewellery
 c - a +4 ring of protection (left tentacle)
Scrolls
 e - a scroll of teleportation {unknown}
 f - 3 scrolls of remove curse {unknown}
 g - a scroll of noise {unknown}
 i - 2 scrolls of identify {unknown}
 k - 2 scrolls of blinking {unknown}
 l - a scroll of immolation {unknown}
 n - a scroll of random uselessness {unknown}
Potions
 d - 3 potions of lignification {unknown}
 j - 2 potions of degeneration {unknown}
 o - a potion of curing {unknown}
Comestibles
 b - 4 rations
 h - 5 chunks of flesh


   Skills:
 + Level 0.7 Fighting
 - Level 2.0 Dodging
 - Level 2.6 Stealth
 * Level 4.2 Spellcasting
 + Level 4.9 Conjurations


You had 9 spell levels left.
You knew the following spells:

 Your Spells              Type           Power        Failure   Level  Hunger
a - Magic Dart            Conj           ###.         1%          1    None
b - Searing Ray           Conj           ###...       2%          2    #......

Your spell library contained the following spells:

 Spells                   Type           Power        Failure   Level  Hunger
 Summon Small Mammal      Summ           #...         14%         1    None
 Dazzling Flash           Conj/Hex       ##....       14%         3    ###....
 Call Imp                 Summ           #.......     21%         2    #......
 Call Canine Familiar     Summ           #.......     38%         3    ###....
 Summon Guardian Golem    Hex/Summ       #.......     38%         3    ###....
 Fulminant Prism          Conj/Hex       ##........   43%         4    ####...
 Iskenderun's Mystic Bla  Conj/Tloc      ##......     43%         4    ####...
 Summon Ice Beast         Ice/Summ       #.......     80%         4    ####...
 Summon Lightning Spire   Summ/Air       #.......     80%         4    ####...


Dungeon Overview and Level Annotations

Branches:
Dungeon (4/15)
 Temple: D:4-7

Altars:
Fedhas
Makhleb
Okawaru
Qazlal
Ru
Trog
Wu Jian


Innate Abilities, Weirdness & Mutations

You cannot wear most types of armour.
You are very stealthy in the water. (Stealth+)
You are amphibious.
You can wear up to eight rings at the same time.
You can use your tentacles to constrict eight enemies at once.
Your skin changes colour to match your surroundings (Stealth+).
Your rubbery body absorbs attacks. (AC +1, EV +1)


Message History

You hear a shout! x3
Casting: Magic Dart (safe; 1% risk of failure)
Confirm with . or Enter, or press ? or * to list all spells.
Aiming: Searing Ray (safe; 2% risk of failure)
Press: ? - help, Shift-Dir - straight line, f - orc priest
Aim: an orc priest The searing ray hits the orc priest!
The orc priest is heavily wounded. (Press . to maintain the ray.)
The searing ray hits the orc priest!
You kill the orc priest!
An orc comes into view. It is wielding a +0 hand axe.
The orc wizard gestures wildly while chanting.
The orc wizard blinks!
The orc priest invokes the aid of Beogh against you.
Beogh smites you!
* * * LOW HITPOINT WARNING * * *
The orc priest invokes the aid of Beogh against you.
Beogh smites you!
You die...

#..#...#.# #.#
#........# #.#
#....#..o##
#.#
##.........##
#.#
............#
#<#
............#
#.#
..........o.#
#.#
...........##
#.#
.....##...@###
##.# .....
####...###..#
....#
###..##.##
#### ##.##.#
#..#.# ##.#.#
#.#.# #...#
##..#


You could see an orc priest and an orc.

Vanquished Creatures
  An orc priest (D:4)
  5 adders
  An ooze (D:3)
  2 worms
  A dart slug (D:3)
  A leopard gecko (D:3)
  4 orcs (D:3)
  6 giant cockroaches
  8 goblins
  8 hobgoblins
  4 jackals (D:2)
  2 quokkas (D:3)
  A ball python (D:3)
  12 bats
  A frilled lizard (D:2)
  5 kobolds
  9 rats
71 creatures vanquished.

Notes
Turn   | Place    | Note
-------+----------+-------------------------------------------
     0 | D:1      | RonnieColeman the Octopode Conjurer began the quest for the
                  | Orb.
     0 | D:1      | Reached XP level 1. HP: 11/11 MP: 3/3
    89 | D:1      | Reached XP level 2. HP: 2/17 MP: 0/5
   864 | D:1      | Reached XP level 3. HP: 21/21 MP: 4/7
  1181 | D:1      | Learned a level 2 spell: Searing Ray
  1338 | D:2      | Found a burning altar of Makhleb.
  1338 | D:2      | Noticed a blizzard demon
  1472 | D:2      | Reached XP level 4. HP: 27/27 MP: 7/9
  1580 | D:2      | Found a bloodstained altar of Trog.
  1650 | D:2      | Found a blossoming altar of Fedhas.
  1650 | D:2      | Found an iron altar of Okawaru.
  1656 | D:2      | Found an ornate altar of the Wu Jian Council.
  1656 | D:2      | Found a sacrificial altar of Ru.
  1928 | D:2      | Found a faded altar of an unknown god.
  2429 | D:3      | Reached XP level 5. HP: 31/31 MP: 9/11
  2627 | D:3      | Found a stormy altar of Qazlal.
  2850 | D:4      | Killed from afar by an orc priest

Illustrated notes

Levels and vault maps discovered:
D:1:      dpeg_arrival_fog, layout_rooms
D:2:      layout_basic, minitemple, lightli_temple_of_fire,
          chequers_ecumenical_altar_twisty, makhleb_altar_promises_db
D:3:      layout_basic, st_stairs_8, grunt_qazlal_sundering
D:4:      layout_rooms, old_standard_altar, first_ration, minmay_manual_mail

Skill      XL: |  1  2  3  4 |
---------------+-------------+-----
Spellcasting   | 3 4 |  4.2
Fighting       | |  0.7
Dodging        | |  2.0
Stealth        | |  2.6
Conjurations   | |  4.9

Action                   |  1- 3 |  4- 6 || total
-------------------------+-------+-------++-------
Melee: Club              |    11 |       ||    11
       Unarmed           |     7 |       ||     7
       Constrict         |    27 |    13 ||    40
       Tentacles         |    17 |    13 ||    30
       Dagger            |    83 |       ||    83
       Spear             |       |    73 ||    73
       Mace              |       |    10 ||    10
 Cast: Magic Dart        |    21 |       ||    21
       Searing Ray       |       |     1 ||     1
 Stab: Sleeping          |     4 |     7 ||    11
       Distracted        |       |     1 ||     1
  Eat: Chunk             |     2 |     4 ||     6
Armor: Skin              |    22 |     7 ||    29
Dodge: Dodged            |    88 |    52 ||   140
